Map: Equilibrium LE

Players

Dark

  • Race: Zerg Zerg
  • Spawn Location: 1:00

LiquidClem (Clem) - Winner!

  • Race: Terran Terran
  • League: Master
  • Spawn Location: 11:00

VOD

Have the link to the VOD?

Description

Time

  • Played on: Dec. 11, 2023, 9:17 a.m.
  • Length: 28:48
Show
View Real Time Build Order
Export as new Build Order

Dark Zerg 

Build Orders: Hatch First 

Get SALT Encoding   

  12  0:00  Drone  
  13  0:13  Overlord  
  13  0:17  Drone  
  14  0:31  Drone x2  
  16  0:49  Hatchery  
  15  0:52  Drone  
  15  0:56  Drone  
  17  0:59  Drone  
  18  1:11  Extractor  
  17  1:16  Spawning Pool  
  17  1:17  Drone  
  17  1:20  Drone  
  18  1:28  Drone  
  19  1:40  Drone  
  20  1:50  Drone  
  21  2:03  Queen x2  
  21  2:06  Zergling x4  
  27  2:11  Metabolic Boost  
  27  2:15  Overlord  
  27  2:17  Drone  
  28  2:28  Hatchery  
  27  2:33  Drone  
  28  2:39  Drone x2  
  28  2:42  Queen  
  31  2:48  Overlord  
  31  2:50  Drone  
  32  2:52  Drone  
  32  2:55  Drone  
  34  3:06  Queen  
  34  3:08  Drone x3  
  39  3:15  Drone, Overlord  
  39  3:17  Drone  
  41  3:20  Drone x2  
  43  3:33  Queen  
  45  3:34  Drone  
  45  3:35  Drone  
  45  3:40  Overlord  
  47  3:42  Queen  
  47  3:43  Queen  
  47  3:47  Drone x2  
  47  3:48  Drone  
  54  3:52  Overlord  
  54  3:54  Drone  
  55  3:59  Spore Crawler  
  54  4:08  Drone x7  
  61  4:15  Zergling x4  
  63  4:18  Drone x3  
  66  4:24  Lair  
  66  4:26  Overlord  
  66  4:27  Extractor, Overlord  
  66  4:28  Extractor  
  66  4:31  Overlord  
  64  4:36  Baneling Nest, Drone x3  
  66  4:40  Spore Crawler  
  66  4:44  Drone x2  
  67  4:49  Drone  
  67  4:50  Queen x2  
  72  4:53  Drone x2  
  72  4:55  Drone  
  72  4:59  Zergling x8  
  79  5:01  Drone  
  79  5:05  Drone x3  
  82  5:09  Drone  
  82  5:11  Drone x2  
  82  5:12  Extractor  
  84  5:17  Extractor  
  84  5:19  Drone  
  84  5:21  Extractor, Drone  
  83  5:28  Drone x2  
  83  5:31  Drone x4  
  89  5:36  Overlord x2  
  89  5:39  Overlord x2  
  85  5:43  Overlord  
  85  5:47  Spire  
  85  5:48  Drone x4  
  85  5:49  Evolution Chamber x2  
  86  5:50  Drone  
  86  5:56  Drone  
  88  5:59  Drone  
  88  6:01  Drone x4  
  94  6:04  Drone  
  94  6:05  Hatchery, Centrifugal Hooks  
  94  6:07  Drone  
  94  6:09  Drone x2  
  96  6:19  Zerg Melee Weapons Level 1, Zerg Ground Armor Level 1  
  96  6:28  Hatchery  
  96  6:29  Drone  
  96  6:31  Zergling x14  
  103  6:38  Hatchery  
  102  6:42  Zergling x10  
  102  6:45  Baneling  
  102  6:46  Baneling x6  
  107  6:49  Zergling x6  
  107  6:50  Zergling x2  
  109  7:02  Drone  
  109  7:07  Zerg Flyer Weapons Level 1  
  109  7:08  Mutalisk x7  
  112  7:10  Mutalisk  
  126  7:19  Mutalisk x3  
  126  7:22  Zergling x6  
  135  7:26  Overlord x3  
  135  7:29  Pneumatized Carapace  
  134  7:39  Zergling x2  
  134  7:40  Zergling x16  
  134  7:42  Overseer  
  141  7:44  Baneling  
  141  7:45  Baneling x3  
  141  7:47  Zergling x8  
  144  7:56  Zergling x18  
  149  8:02  Drone x4  
  153  8:06  Baneling x12  
  153  8:07  Zergling x12  
  153  8:08  Baneling x6  
  159  8:13  Zergling x8  
  159  8:19  Zerg Melee Weapons Level 2  
  158  8:21  Zergling x10  
  160  8:30  Zergling x20  
  154  8:37  Zergling x2  
  154  8:38  Zergling x10  
  157  8:41  Zerg Ground Armor Level 2  
  157  8:46  Drone  
  158  8:51  Zergling x6  
  158  8:52  Zergling x4  
  158  8:54  Baneling  
  158  8:55  Baneling x3  
  163  8:57  Zergling x6  
  163  8:58  Zergling x4  
  163  9:00  Burrow  
  163  9:01  Infestation Pit  
  167  9:03  Zergling x8  
  167  9:05  Baneling x5  
  167  9:07  Overlord x2  
  171  9:11  Overlord  
  162  9:28  Zergling x10  
  162  9:29  Zergling x22  
  170  9:32  Zergling x32  
  170  9:38  Zerg Flyer Weapons Level 2  
  186  9:44  Hive  
  186  9:48  Zergling x2  
  186  9:49  Baneling x7, Zergling x12  
  186  9:50  Baneling x15  
  193  9:53  Zergling x2  
  193  9:54  Drone  
  193  9:55  Overlord x2  
  195  10:05  Zergling x2  
  196  10:12  Overlord  
  196  10:17  Mutalisk x3  
  200  10:22  Unknown  
  190  10:31  Zergling x24  
  199  10:48  Zergling x2  
  200  10:50  Hatchery  
  197  10:57  Baneling x3  
  197  11:01  Baneling x2  
  196  11:08  Zergling x24  
  193  11:18  Zergling x34  
  186  11:21  Adrenal Glands, Zerg Melee Weapons Level 3, Zerg Ground Armor Level 3  
  186  11:22  Ultralisk Cavern  
  197  11:29  Baneling  
  197  11:30  Baneling x3  
  193  11:34  Zergling x6  
  193  11:36  Baneling x4  
  193  11:37  Baneling  
  193  11:39  Overseer x2  
  194  11:54  Baneling x8  
  194  11:58  Zerg Flyer Weapons Level 3  
  194  12:01  Zergling x2  
  194  12:02  Hatchery, Zergling x10  
  199  12:14  Zergling x28  
  199  12:16  Chitinous Plating  
  199  12:27  Baneling x6  
  199  12:28  Baneling  
  199  12:38  Hatchery  
  194  12:56  Zergling x34  
  194  12:57  Zergling x8  
  200  12:59  Baneling x8  
  196  13:05  Zergling x2  
  196  13:06  Zergling x6  
  139  13:35  Anabolic Synthesis, Ultralisk x3, Corruptor x3  
  139  13:36  Corruptor x2  
  139  13:38  Zergling x58  
  139  13:39  Zergling x14  
  195  13:43  Baneling  
  195  13:44  Baneling x5  
  196  13:48  Zergling x10  
  196  13:52  Baneling x8  
  196  13:53  Baneling x30  
  200  14:03  Baneling x4  
  200  14:04  Baneling  
  200  14:06  Zergling x4  
  200  14:07  Zergling x4  
  200  14:12  Baneling x4  
  200  14:14  Zerg Missile Weapons Level 1  
  182  14:35  Zerg Flyer Armor Level 1  
  182  14:38  Zergling x44  
  157  14:39  Zergling x16  
  157  14:40  Zergling x12  
  157  14:44  Corruptor x4  
  184  14:47  Zergling x4  
  177  14:53  Zergling x2  
  177  14:54  Zergling x8  
  177  14:57  Corruptor  
  177  14:58  Corruptor  
  176  15:01  Corruptor  
  176  15:02  Corruptor  
  176  15:05  Zergling x8  
  182  15:11  Baneling x15  
  182  15:12  Zergling x2  
  180  15:24  Zergling x8, Baneling x11  
  180  15:25  Zergling x6  
  181  15:28  Zergling x2  
  181  15:29  Zergling x4  
  181  15:31  Zergling x10  
  189  15:39  Corruptor x3  
  180  15:42  Zergling x2  
  180  15:43  Zergling x4  
  177  15:52  Corruptor x3  
  177  15:56  Zergling x2  
  179  15:57  Zergling x10  
  179  16:03  Corruptor x2  
  157  16:08  Zergling x4  
  157  16:09  Zergling x10  
  158  16:12  Zergling x6  
  157  16:21  Drone x4  
  157  16:22  Drone x5  
  157  16:23  Drone x3  
  157  16:25  Drone  
  170  16:30  Corruptor x2  
  174  16:37  Viper x2  
  174  16:38  Viper  
  183  16:42  Zergling x10  
  183  16:46  Baneling x6  
  183  16:47  Overseer, Baneling x3  
  188  16:56  Baneling x4  
  188  16:57  Baneling  
  188  16:58  Zergling x20  
  197  17:01  Overseer  
  197  17:03  Overseer  
  197  17:14  Zerg Flyer Armor Level 2  
  197  17:16  Zergling x6  
  197  17:18  Zerg Missile Weapons Level 2  
  199  17:23  Hydralisk Den  
  199  17:24  Baneling x3  
  197  17:33  Baneling x5  
  195  17:37  Zergling x10  
  195  17:38  Baneling  
  195  17:39  Baneling x5  
  195  17:43  Spore Crawler  
  199  17:44  Zergling x2  
  199  17:58  Baneling x13  
  199  18:05  Grooved Spines  
  198  18:15  Zergling x12  
  198  18:18  Baneling x2  
  200  18:26  Zergling x6  
  199  18:28  Baneling x5  
  168  18:41  Zergling x6  
  168  18:42  Zergling x40  
  168  18:47  Ultralisk x2  
  168  18:48  Zergling x10  
  199  18:54  Extractor, Zergling x4  
  199  18:55  Extractor  
  199  19:04  Baneling x13  
  199  19:06  Spore Crawler, Extractor, Zergling x2  
  199  19:07  Zergling x4  
  200  19:10  Baneling x2  
  184  19:38  Zergling x18  
  168  19:44  Zergling x32  
  168  19:45  Zergling x44  
  183  19:46  Overlord  
  183  19:47  Overlord  
  171  19:54  Overseer, Overlord  
  171  19:55  Overseer  
  171  19:59  Ultralisk  
  177  20:00  Zergling x18  
  177  20:05  Zergling x2  
  177  20:06  Zergling x2  
  188  20:07  Baneling x10  
  188  20:09  Zergling x2  
  188  20:13  Zergling x14  
  191  20:14  Baneling x2  
  191  20:17  Zergling x4  
  191  20:18  Zergling x10  
  198  20:22  Zergling x2  
  198  20:28  Baneling x4  
  198  20:40  Zergling x2  
  198  20:41  Zergling x12  
  175  20:43  Zergling x4  
  175  20:44  Zergling x2  
  175  20:45  Zergling x12  
  175  20:46  Zergling x2  
  175  20:47  Zergling x6  
  172  20:56  Zergling x16  
  161  20:58  Zergling x2  
  161  20:59  Zergling x6  
  161  21:03  Corruptor x2  
  162  21:04  Zergling x10  
  162  21:07  Overseer  
  162  21:10  Zergling x4  
  164  21:16  Zergling x12  
  164  21:17  Baneling x4  
  169  21:19  Zergling x10  
  169  21:22  Zergling x10  
  169  21:23  Zergling x4  
  169  21:24  Extractor  
  178  21:31  Zergling x6  
  181  21:35  Overseer x3  
  180  21:40  Zergling x10  
  180  21:41  Zergling x6  
  187  21:51  Zergling x18  
  187  21:52  Hatchery  
  187  21:53  Baneling x4  
  195  21:59  Zergling x6  
  198  22:02  Baneling x2  
  196  22:11  Zergling x2  
  194  22:21  Zergling x18  
  197  22:25  Overseer x3  
  197  22:27  Zergling x18  
  180  22:31  Zergling x18  
  164  22:39  Zergling x16  
  164  22:44  Overseer  
  157  22:49  Ultralisk  
  157  22:51  Zergling x16  
  170  22:55  Extractor, Ultralisk, Zergling x2  
  170  22:56  Overlord, Zergling x4  
  170  22:58  Baneling x2  
  178  22:59  Zergling x4  
  178  23:00  Zergling x2  
  178  23:01  Zergling x2  
  178  23:04  Zergling x2  
  183  23:07  Zergling x6  
  182  23:19  Zergling x24  
  169  23:23  Baneling x4  
  169  23:24  Zergling x4  
  169  23:25  Zergling x2  
  169  23:26  Baneling x4  
  172  23:27  Baneling x2  
  172  23:28  Extractor  
  172  23:34  Zergling x22  
  182  23:39  Overseer  
  182  23:44  Zergling x18  
  191  23:49  Baneling x5  
  191  23:51  Baneling x7  
  191  23:53  Zergling x4  
  191  23:54  Zergling x6  
  196  23:57  Zergling x6  
  198  24:03  Zergling x2  
  165  24:33  Zergling x26  
  165  24:34  Zergling x22  
  184  24:41  Zergling x24  
  184  24:42  Zergling x14  
  192  24:48  Zergling x16  
  192  24:49  Baneling  
  192  24:50  Baneling x20  
  199  24:57  Baneling x8  
  199  25:02  Extractor  
  199  25:03  Baneling  
  199  25:04  Extractor, Baneling  
  169  25:27  Hydralisk x9  
  178  25:30  Zergling x44  
  178  25:31  Zergling x2  
  197  25:36  Overlord x4  
  197  25:39  Baneling x6  
  156  25:54  Zergling x40  
  156  25:56  Zergling x2  
  156  26:02  Zergling x2  
  156  26:03  Zergling x6  
  156  26:04  Overseer  
  158  26:10  Zergling x12  
  135  26:12  Hydralisk x2  
  135  26:14  Baneling x4  
  135  26:15  Zergling x2, Baneling x8  
  135  26:16  Zergling x8  
  144  26:24  Zergling x16  
  126  26:28  Hydralisk x2  
  126  26:30  Hydralisk  
  131  26:33  Hydralisk x2  
  131  26:37  Hydralisk  
  131  26:38  Zergling x2  
  131  26:39  Zergling x8  
  142  26:43  Zergling x8  
  146  26:47  Zergling x6  
  146  26:51  Zergling x4  
  151  26:56  Zergling x8  
  151  27:00  Zergling x10  
  160  27:04  Zergling x2  
  158  27:08  Zergling x4  
  144  27:16  Hydralisk  
  144  27:17  Hydralisk x9  
  144  27:19  Zergling x4  
  144  27:20  Zergling x2  
  144  27:22  Hatchery  
  154  27:27  Zergling x12  
  154  27:33  Zergling x10  
  154  27:34  Zergling x2  
  157  27:38  Zergling x6  
  157  27:40  Zergling x2  
  157  27:41  Zergling x2  
  155  27:51  Baneling x12  
  153  27:54  Overseer  
  153  27:55  Overseer  
  131  28:05  Zergling x12  
  131  28:06  Zergling x2  
  131  28:08  Zergling x2  
  131  28:09  Zergling x2  
  111  28:22  Zergling x2  
  111  28:23  Zergling x12  
  114  28:29  Zergling x2  
  114  28:30  Zergling x2  
Show
View Real Time Build Order
Export as new Build Order

LiquidClem Terran - Winner!

Build Orders: Hellion Opening, Reaper Expand 

Get SALT Encoding   

  12  0:00  SCV  
  13  0:12  SCV  
  14  0:17  Supply Depot  
  14  0:24  SCV  
  15  0:38  SCV  
  15  0:41  Barracks  
  16  0:43  Refinery  
  16  0:50  SCV  
  17  1:02  SCV  
  18  1:15  SCV  
  19  1:28  Orbital Command, Reaper  
  20  1:38  Command Center  
  20  1:46  Supply Depot  
  20  1:53  SCV  
  21  1:59  Marine  
  22  2:05  SCV  
  23  2:11  Factory  
  23  2:17  SCV  
  23  2:21  Barracks Reactor  
  25  2:30  SCV  
  25  2:41  Command Center  
  25  2:42  SCV  
  26  2:50  Orbital Command  
  25  2:54  SCV  
  26  2:59  Starport  
  26  3:04  Hellion  
  28  3:07  SCV  
  28  3:10  Hellion  
  31  3:14  Refinery  
  31  3:16  SCV  
  31  3:19  SCV  
  33  3:24  Marine  
  34  3:28  Hellion  
  34  3:30  SCV  
  34  3:31  Hellion  
  34  3:33  SCV  
  40  3:36  Viking  
  42  3:42  SCV  
  43  3:49  Hellion, SCV  
  43  3:53  Barracks Tech Lab, Hellion  
  48  3:56  Orbital Command  
  48  3:57  SCV  
  48  4:01  SCV  
  50  4:09  SCV  
  51  4:10  Hellion  
  51  4:13  Supply Depot, SCV  
  51  4:15  Liberator  
  59  4:17  Hellion  
  59  4:21  SCV  
  60  4:24  SCV  
  60  4:30  Stimpack  
  61  4:35  SCV x2  
  61  4:36  SCV  
  61  4:37  Supply Depot  
  64  4:40  Barracks  
  64  4:42  Barracks  
  64  4:44  Marine  
  65  4:47  SCV  
  65  4:48  Factory Reactor  
  65  4:51  Orbital Command  
  65  4:52  Engineering Bay x2, SCV  
  67  4:59  Supply Depot, SCV  
  68  5:02  Marine  
  68  5:03  Refinery  
  68  5:04  Refinery  
  69  5:11  SCV  
  69  5:12  SCV, Starport Reactor  
  71  5:20  Marine  
  72  5:22  Supply Depot, Barracks x2, Terran Infantry Weapons Level 1  
  72  5:23  SCV  
  72  5:24  SCV  
  72  5:27  Terran Infantry Armor Level 1  
  74  5:29  SCV  
  74  5:33  Marine x2  
  74  5:35  SCV  
  78  5:36  SCV  
  78  5:38  Marine, Factory Reactor  
  78  5:41  SCV  
  78  5:43  Supply Depot  
  78  5:45  Marine  
  78  5:47  Supply Depot, SCV  
  78  5:48  SCV  
  81  5:50  Medivac  
  81  5:53  Marine x2, SCV, Medivac  
  81  5:54  Marine  
  89  5:59  SCV  
  89  6:00  Marine, SCV  
  89  6:03  Marine  
  93  6:04  Supply Depot  
  93  6:05  SCV  
  93  6:06  Supply Depot  
  93  6:09  Barracks Reactor x2  
  93  6:10  Combat Shield  
  94  6:11  SCV  
  94  6:12  Marine  
  94  6:14  SCV  
  94  6:15  Widow Mine  
  94  6:17  Marine, Widow Mine  
  103  6:18  SCV  
  103  6:20  Marine  
  103  6:23  SCV  
  103  6:24  Supply Depot  
  103  6:25  Medivac  
  107  6:26  SCV  
  107  6:30  Marine, SCV  
  107  6:31  Marine  
  111  6:33  Refinery  
  111  6:35  SCV, Factory  
  111  6:38  Marine, SCV  
  111  6:39  Marine x2  
  116  6:42  Supply Depot  
  116  6:44  Widow Mine  
  116  6:46  Widow Mine  
  116  6:47  Supply Depot  
  120  6:48  Marine x2  
  120  6:49  Armory  
  120  6:52  Marine  
  123  6:54  Marine x2  
  123  6:57  Marine  
  123  7:00  Marine  
  127  7:02  Marine, Supply Depot, Medivac  
  127  7:03  Marine  
  127  7:06  Marine x2, Widow Mine  
  127  7:07  Widow Mine  
  137  7:09  Marine  
  137  7:12  Marine x2  
  137  7:13  Supply Depot  
  140  7:18  Command Center  
  140  7:19  Marine, Factory Tech Lab  
  141  7:25  Marine, SCV  
  141  7:26  Supply Depot, Sensor Tower  
  141  7:27  SCV, Widow Mine  
  141  7:29  Marine  
  146  7:30  Marine x2  
  146  7:31  Widow Mine  
  146  7:34  Supply Depot  
  146  7:36  Marine  
  152  7:42  Medivac  
  152  7:46  Marine x3  
  152  7:48  Medivac, Widow Mine x2  
  157  7:53  Missile Turret  
  157  7:54  Missile Turret x2  
  157  7:58  Marine x6, Widow Mine  
  159  8:01  Terran Infantry Weapons Level 2  
  159  8:02  Drilling Claws  
  159  8:04  Marine  
  164  8:06  Marine x2, Terran Infantry Armor Level 2  
  164  8:12  Supply Depot  
  166  8:15  Widow Mine  
  166  8:16  Marine x2  
  170  8:20  Marine, Widow Mine  
  170  8:21  Marine  
  170  8:22  Marine x2  
  173  8:28  Medivac  
  173  8:31  Medivac  
  173  8:32  Marine x2  
  153  8:35  Widow Mine  
  153  8:36  Marine x2  
  153  8:37  Marine  
  153  8:38  Marine  
  153  8:39  Marine  
  153  8:40  Widow Mine  
  156  8:43  SCV x2  
  156  8:44  SCV, Barracks  
  159  8:51  Barracks  
  159  8:52  Barracks  
  159  8:56  Thor, SCV  
  159  8:57  Marine, SCV  
  159  8:58  Medivac  
  159  8:59  Marine, SCV  
  159  9:00  Marine  
  173  9:03  Marine  
  173  9:05  Marine x2, Missile Turret  
  173  9:09  Marine  
  177  9:10  Widow Mine x2  
  177  9:12  SCV  
  177  9:15  Marine  
  183  9:19  SCV  
  183  9:20  Planetary Fortress  
  183  9:22  SCV  
  185  9:26  Missile Turret  
  185  9:27  Sensor Tower  
  185  9:30  Marine  
  186  9:32  SCV, Widow Mine  
  186  9:33  Medivac  
  186  9:34  Widow Mine  
  186  9:37  Barracks Tech Lab  
  186  9:38  Barracks Tech Lab  
  189  9:39  SCV  
  189  9:42  Thor  
  194  9:46  Command Center  
  194  9:50  Marauder, Refinery  
  194  9:51  Refinery  
  194  9:52  Medivac  
  198  9:53  Barracks Tech Lab  
  198  9:56  Marine, Concussive Shells  
  199  10:05  Command Center  
  199  10:13  Missile Turret  
  199  10:14  Missile Turret x2  
  199  10:16  Marauder  
  199  10:21  Terran Infantry Weapons Level 3  
  199  10:26  Widow Mine  
  200  10:30  Widow Mine  
  200  10:31  Marine x2  
  200  10:32  Marine  
  199  10:36  Terran Infantry Armor Level 3  
  199  10:46  Command Center  
  199  10:55  Ghost Academy  
  197  11:01  Command Center x2  
  197  11:02  Widow Mine  
  197  11:03  Marine  
  200  11:07  Marine x2  
  200  11:09  Marine, Medivac  
  200  11:10  Widow Mine  
  199  11:12  Marine  
  194  11:21  Marine  
  194  11:25  Missile Turret, Sensor Tower  
  195  11:26  Missile Turret  
  195  11:27  Ghost x2  
  195  11:29  Terran Vehicle And Ship Armor Level 1  
  199  11:34  Planetary Fortress  
  199  11:35  Fusion Core  
  199  11:36  Orbital Command, Starport  
  199  11:39  Command Center  
  199  11:41  Command Center  
  196  11:47  SCV  
  196  11:48  SCV x3  
  200  12:00  Ghost  
  200  12:01  Refinery  
  200  12:07  Unknown  
  200  12:13  Starport Reactor  
  200  12:14  Personal Cloaking  
  200  12:15  Missile Turret, Starport  
  196  12:16  Missile Turret, Sensor Tower, Orbital Command  
  196  12:17  Orbital Command  
  196  12:18  Missile Turret  
  196  12:19  Command Center  
  195  12:28  Widow Mine  
  195  12:29  Widow Mine  
  199  12:32  Armory  
  198  12:44  Widow Mine  
  199  12:54  Ghost  
  200  12:59  Neosteel Armor  
  200  13:07  Ghost  
  200  13:08  Marine  
  197  13:12  Widow Mine  
  197  13:13  Liberator, Hi-Sec Auto Tracking  
  190  13:23  Ghost, Widow Mine  
  190  13:25  Liberator  
  167  13:27  Ghost, Widow Mine  
  167  13:31  Liberator  
  167  13:32  Marine x4  
  167  13:34  Orbital Command, Marine  
  156  13:36  Ghost x2  
  156  13:37  Marine x2  
  156  13:38  Marine  
  156  13:39  Widow Mine  
  156  13:40  Orbital Command  
  164  13:47  Terran Vehicle And Ship Armor Level 2  
  164  13:48  Terran Ship Weapons Level 1  
  164  13:49  Missile Turret  
  164  13:50  Sensor Tower, Starport Reactor  
  164  13:51  Refinery  
  164  13:52  Missile Turret x2, Ghost, Liberator, Widow Mine x2  
  164  13:54  Refinery  
  173  13:56  Marine, Ghost  
  173  13:57  Marine  
  173  14:00  Liberator  
  173  14:01  Missile Turret, Widow Mine  
  180  14:05  Ghost  
  180  14:07  Planetary Fortress  
  180  14:08  Liberator  
  185  14:19  Command Center  
  185  14:20  Command Center  
  185  14:24  Widow Mine x2  
  195  14:30  Ghost  
  189  14:34  Marine  
  189  14:35  Marine x6, Marauder x2  
  159  14:38  Marine  
  159  14:39  Marauder, Viking  
  159  14:45  Widow Mine x2  
  140  14:48  Viking  
  140  14:52  Marine  
  139  14:53  Marine x3  
  139  14:56  Marine, Marauder x2  
  139  14:58  Viking x2  
  139  14:59  Marauder, Viking  
  148  15:00  Marauder  
  148  15:07  Widow Mine  
  152  15:08  Marine  
  152  15:09  Marine  
  155  15:16  Ghost  
  155  15:17  Ghost  
  155  15:19  Widow Mine  
  155  15:21  Marauder x2, Viking  
  164  15:23  SCV, Viking  
  164  15:27  Barracks Tech Lab, Marine x3  
  169  15:29  Widow Mine  
  169  15:30  SCV  
  168  15:36  Orbital Command  
  168  15:37  Orbital Command x2, SCV  
  168  15:40  Marine  
  168  15:41  Widow Mine  
  168  15:42  Marauder  
  143  15:43  Marine, Marauder  
  143  15:46  Liberator, Marauder x2  
  143  15:48  Marine, Ghost  
  156  15:51  Widow Mine  
  156  15:53  SCV  
  156  15:55  Orbital Command  
  156  16:01  Marine x3  
  156  16:02  Marine, Widow Mine  
  156  16:04  Marine, Marauder x2  
  144  16:07  Orbital Command, Marauder  
  144  16:08  Marauder  
  144  16:11  Marine  
  140  16:12  Widow Mine  
  140  16:16  SCV  
  140  16:17  SCV, Marauder  
  147  16:19  Marine x3  
  147  16:20  SCV  
  147  16:21  SCV  
  147  16:23  Widow Mine  
  147  16:25  Marauder  
  158  16:26  Marauder  
  158  16:28  SCV  
  161  16:33  Marine, SCV, Marauder x2, Widow Mine  
  161  16:34  Marine  
  168  16:50  Supply Depot  
  168  16:51  Supply Depot  
  168  16:55  Supply Depot  
  168  17:02  Ghost x2, Liberator  
  168  17:03  SCV  
  168  17:07  Missile Turret, Sensor Tower  
  176  17:11  Ghost  
  176  17:12  Marine, SCV, Widow Mine x2  
  176  17:13  Ghost, SCV, Marauder, Supply Depot  
  176  17:15  SCV x2  
  191  17:18  Supply Depot  
  191  17:19  Terran Vehicle And Ship Armor Level 3  
  191  17:21  Liberator  
  194  17:24  Liberator  
  194  17:26  Liberator  
  200  17:31  Factory  
  200  17:41  Command Center  
  200  17:44  Command Center  
  200  17:46  Command Center  
  200  17:51  Terran Ship Weapons Level 2  
  200  17:54  Refinery  
  200  17:55  Refinery x2  
  198  18:02  Missile Turret x3  
  198  18:04  Missile Turret  
  198  18:10  Widow Mine  
  200  18:14  Viking  
  200  18:16  Starport Reactor  
  200  18:25  Starport Reactor  
  200  18:39  Orbital Command, Viking  
  200  18:40  Ghost  
  177  18:41  Widow Mine  
  177  18:42  Ghost x2  
  177  18:43  Marine x2  
  177  18:44  Ghost  
  177  18:45  Marine  
  177  18:48  Ghost  
  174  18:49  Viking, Widow Mine x2  
  174  18:51  SCV  
  174  18:54  Orbital Command  
  183  18:56  SCV  
  184  19:03  SCV  
  184  19:06  Medivac x2  
  184  19:08  Ghost, Widow Mine  
  193  19:10  Missile Turret  
  193  19:11  Missile Turret, Widow Mine  
  193  19:13  Missile Turret x2  
  193  19:14  Ghost  
  193  19:16  Marine  
  198  19:19  Marine x2  
  185  19:35  Marauder  
  185  19:36  Widow Mine  
  185  19:37  Viking  
  185  19:38  Marine x3  
  158  19:39  Marine x6  
  158  19:41  Widow Mine  
  158  19:43  Marine  
  143  19:45  Widow Mine  
  143  19:46  SCV  
  143  19:48  SCV  
  144  19:53  SCV x2  
  144  19:54  SCV x2  
  144  19:55  Marine  
  144  19:56  Marine  
  144  19:57  SCV, Viking  
  153  20:00  Widow Mine  
  153  20:02  Widow Mine  
  153  20:05  SCV  
  158  20:12  Marine, Widow Mine  
  158  20:13  Marine  
  162  20:16  Viking x2  
  162  20:20  Viking  
  168  20:22  Orbital Command, Widow Mine  
  168  20:23  Liberator  
  168  20:24  Planetary Fortress  
  168  20:25  SCV x2  
  168  20:27  SCV x2  
  168  20:28  SCV  
  178  20:29  SCV  
  178  20:30  SCV  
  178  20:33  Widow Mine  
  182  20:41  Widow Mine  
  167  20:46  Orbital Command  
  167  20:49  Widow Mine  
  156  20:50  Medivac  
  156  20:53  Marauder  
  156  20:55  Widow Mine  
  132  20:58  Marine  
  123  21:05  Liberator x2  
  123  21:06  Liberator  
  123  21:07  Marine, Widow Mine  
  123  21:08  Marine  
  123  21:09  Marine, SCV  
  123  21:10  SCV x2  
  140  21:13  SCV  
  140  21:17  SCV x2  
  134  21:20  Marine x3  
  134  21:25  SCV  
  135  21:26  SCV x2  
  135  21:27  Marine x2, SCV  
  135  21:29  Marine x2, SCV  
  135  21:31  SCV  
  144  21:33  SCV  
  144  21:36  Missile Turret  
  144  21:37  Missile Turret  
  144  21:39  Sensor Tower  
  145  21:41  SCV  
  145  21:46  Ghost  
  145  21:47  Ghost x2  
  146  21:50  Ghost x2  
  153  21:54  Marine x5  
  153  21:57  Marine  
  153  21:59  SCV  
  160  22:05  SCV  
  160  22:06  SCV  
  160  22:07  SCV  
  163  22:09  Widow Mine x2  
  163  22:11  Widow Mine  
  163  22:12  Marine x4  
  171  22:16  Marauder x2  
  171  22:19  Marine x2, SCV  
  168  22:24  Marine  
  168  22:29  Orbital Command, Marine x2  
  167  22:30  Marine x2, Widow Mine  
  167  22:31  Orbital Command  
  167  22:34  Medivac  
  165  22:37  Widow Mine  
  165  22:38  Marine, Marauder  
  157  22:45  Marine x3, Marauder x2  
  157  22:46  Refinery x2  
  157  22:47  Marine, Hellbat  
  167  22:53  Marine x2, Marauder  
  167  22:55  Orbital Command  
  167  22:56  Marine, SCV  
  173  23:00  SCV x2, Marauder  
  173  23:01  SCV  
  173  23:02  Marine  
  173  23:03  Marine, SCV  
  173  23:05  SCV x2, Marauder  
  185  23:08  Refinery  
  185  23:14  Widow Mine  
  185  23:18  Marauder  
  182  23:21  Marine  
  182  23:22  Marine  
  182  23:23  Widow Mine  
  182  23:24  SCV x2, Medivac  
  182  23:26  SCV  
  191  23:29  SCV x2  
  191  23:30  SCV  
  191  23:32  SCV  
  195  23:37  Widow Mine  
  195  23:38  Widow Mine  
  199  23:46  Refinery  
  199  23:53  Marine  
  200  24:06  Orbital Command  
  200  24:07  Terran Ship Weapons Level 3  
  200  24:21  Command Center  
  197  24:24  Marauder  
  197  24:30  Liberator  
  198  24:32  SCV  
  198  24:35  SCV  
  193  24:39  Marine x2, Ghost x2  
  193  24:40  SCV  
  191  24:46  Ghost  
  191  24:47  Viking x3  
  191  24:50  SCV, Viking  
  200  25:18  Marine x2, Marauder, Widow Mine  
  200  25:20  Marine x2, Medivac, Widow Mine  
  200  25:21  Marine x3  
  187  25:31  Medivac  
  187  25:32  Marine, Marauder x2  
  187  25:34  Medivac  
  196  25:36  Marine x2  
  196  25:37  Widow Mine  
  171  25:52  Marauder  
  171  25:54  Orbital Command, Widow Mine  
  164  26:08  Medivac  
  126  26:14  Marine  
  127  26:22  Marine  
  115  26:30  Marine  
  112  26:34  Marine  
  112  26:38  Marine  
  112  26:39  Marine x2  
  116  26:47  Liberator  
  123  27:04  Marine  
  123  27:06  Marine x3  
  120  27:08  Marine  
  120  27:09  Marine  
  120  27:11  Orbital Command  
  116  27:18  Marine  
  116  27:19  Marine  
  116  27:24  Marine  
  116  27:26  Marine  
  118  27:30  Marine x2  
  118  27:32  Marine x2  
  118  27:35  Liberator  
  118  27:36  Marine x3, Widow Mine  
  130  27:37  Marine  
  130  27:40  Liberator  
  130  27:41  Marine  
  130  27:43  Ghost Academy  
  134  27:44  Liberator  
  134  27:50  Marine x2  
  139  27:57  Widow Mine  
  140  28:02  SCV  
  140  28:03  SCV  
  137  28:10  Marine, Widow Mine  
  137  28:12  Marine  
  137  28:23  Marine x2  
Tags
 
Add a new tag
Caveats
  • Supply blocks, unpowered buildings, or Contaminate may cause inaccurate times.
  • Supply counts are checked every 10 seconds.